 Dungeon Crawl Stone Soup version 0.30-a0-1082-g70414cbcbb (webtiles) character file.

Game seed: 8081622111309972468

12159 cheesebisquit the Nimble (level 12, -11/99 HPs)
             Began as a Djinni Fire Elementalist on Apr 15, 2023.
             Was a Priest of Ashenzari.
             Mangled by a +2 long sword (22 damage)
             ... on level 12 of the Dungeon.
             The game lasted 01:10:27 (13958 turns).

cheesebisquit the Nimble (DjFE)                    Turns: 13958, Time: 01:10:27

Health: -11/99     AC: 12    Str:  7    XL:     12   Next: 16%
Gold:   805        EV: 20    Int: 22    God:    Ashenzari [***...] SH:  0 Dex: 14

rFire   + + +      SeeInvis +    y - +0 short sword of Ashenzari's Seer {vamp, Cun, Melee} (curse)
rCold   x . .      Faith    .    (no shield)
rNeg    . . .      Spirit   .    P - +4 steam dragon scales of the Unyielding Gaze {Self, Fort} (curse)
rPois   ∞          Reflect  .    (no helmet)
rElec   .          Rampage  .    r - +2 cloak "Enigmatic Lethargy" {Self, Melee} (curse)
rCorr   .          Clarity  +    (no gloves)
Will    +....                    (boots unavailable)
Stlth   +                        Z - amulet of regeneration
HPRegen 1.16/turn                f - ring "Behold Eternity" {rF+, Self, Cun} (curse)
MPRegen 0.00/turn                o - ring "Circumscribed Heresy" {rF+, Evo, Cun} (curse)

@: confused, ambrosia-drunk, flying, studying Dodging, invisible
A: sickness immunity, fire resistance 2, cold vulnerability 1, float, innate
caster, HP casting, extra vitality 1
a: Renounce Religion, Shatter the Chains


You were on level 12 of the Dungeon.
You worshipped Ashenzari.
Ashenzari was most pleased with you.
You visited 2 branches of the dungeon, and saw 14 of its levels.
You also visited: Ossuary.

You collected 805 gold pieces.

Inventory:

Hand Weapons
 y - the cursed +0 short sword of Ashenzari's Seer (weapon) {vamp, Cun, Melee}
   (You took it off a kobold on level 4 of the Dungeon)

   It has a curse which improves the following skills: Cunning: Dodging and
   Stealth.
   Melee Combat: Short Blades, Long Blades, Axes, Maces & Flails, Polearms,
   Staves and Unarmed Combat.
 C - a +2 whip of holy wrath
 M - a +1 whip of electrocution
 O - a +2 whip of freezing
 U - a +2 antimagic hand axe
Missiles
 z - 33 poisoned darts
 N - 4 curare-tipped darts
 Q - 2 throwing nets
 S - 2 silver javelins
 T - 2 boomerangs
 Y - 4 atropa-tipped darts
Armour
 a - a +0 robe
 r - the cursed +2 cloak "Enigmatic Lethargy" (worn) {Self, Melee}
   (You found it on level 3 of the Dungeon)

   It has a curse which improves the following skills: Introspection: Fighting
   and Spellcasting.
   Melee Combat: Short Blades, Long Blades, Axes, Maces & Flails, Polearms,
   Staves and Unarmed Combat.
 D - a +0 kite shield
 P - the cursed +4 steam dragon scales of the Unyielding Gaze (worn) {Self, Fort}
   (You took it off Maggie on level 7 of the Dungeon)

   It has a curse which improves the following skills: Introspection: Fighting
   and Spellcasting.
   Fortitude: Armour and Shields.
Magical Staves
 p - a staff of poison
 x - a staff of air
Jewellery
 c - a ring of fire
 f - the cursed ring "Behold Eternity" (left hand) {rF+, Self, Cun}
   (You found it on level 1 of the Dungeon)

   [ring of protection from fire]

   rF:        It protects you from fire.
   It has a curse which improves the following skills: Introspection: Fighting
   and Spellcasting.
   Cunning:   Dodging and Stealth.
 o - the cursed ring "Circumscribed Heresy" (right hand) {rF+, Evo, Cun}
   (You found it on level 3 of the Dungeon)

   [ring of protection from fire]

   rF:        It protects you from fire.
   It has a curse which improves the following skills: Evocations: Evocations.
   Cunning:   Dodging and Stealth.
 A - an amulet of reflection
 L - a ring of resist corrosion
 X - an amulet of the acrobat
 Z - an amulet of regeneration (around neck)
Wands
 b - a wand of light (4)
 t - a wand of charming (22)
 V - a wand of roots (8)
Scrolls
 d - a scroll of brand weapon
 g - 5 scrolls of teleportation
 h - a scroll of summoning
 j - 3 scrolls of vulnerability
 k - a scroll of torment
 l - 2 scrolls of fear
 q - a scroll of enchant armour
 v - a scroll of amnesia
 w - a scroll of silence
 E - a scroll of poison
 W - 3 scrolls of identify
Potions
 e - 5 potions of might
 i - 4 potions of flight
 n - a potion of attraction
 s - 2 potions of berserk rage
 u - 2 potions of cancellation
 B - a potion of degeneration
 F - 2 potions of curing
 G - a potion of haste
 H - 2 potions of lignification
 I - 3 potions of brilliance
 J - a potion of mutation
 K - 2 potions of magic
 R - a potion of ambrosia


   Skills:
 + Level 10.8(13.7) Fighting
 + Level 13.9(16.8) Dodging
 - Level 1.5(3.5) Stealth
 + Level 8.7(11.7) Spellcasting


You knew the following spells:

 Your Spells              Type           Power      Damage    Failure   Level
a - Foxfire               Conj/Fire      100%       2x1d9     1%          1
b - Magic Dart            Conj           100%       1d8       1%          1
c - Volatile Blastmotes   Fire/Tloc      100%       2d18      1%          3
d - Inner Flame           Hex/Fire       59%        N/A       1%          3
e - Flame Wave            Conj/Fire      59%        2d14      1%          4
f - Ensorcelled Hibernat  Hex/Ice        100%       N/A       1%          2
g - Stone Arrow           Conj/Erth      100%       3d13      1%          3
h - Fireball              Conj/Fire      29%        3d13      1%          5
v - Poisonous Vapours     Pois/Air       100%       N/A       1%          2
z - Scorch                Fire           100%       2d9       1%          2
Your spell library was empty.

Dungeon Overview and Level Annotations

Branches:
Dungeon (13/15)            Temple (1/1) D:5            Lair (0/5) D:11
    Orc (0/2) D:10        Ossuary (visited)
 Vaults: D:13-14

Altars:
Ashenzari
Cheibriados
Dithmenos
Elyvilon
Fedhas
Gozag
Hepliaklqana
Makhleb
Nemelex Xobeh
Okawaru
Qazlal
Ru
Trog
Uskayaw
Wu Jian
Xom
Yredelemnul
Zin
The Shining One

Shops:
D:4 :


Innate Abilities, Weirdness & Mutations

You are immune to sickness and miasma.
You are immune to poison.
Your flesh is very heat resistant. (rF++)
You are vulnerable to cold. (rC-)
You float through the air rather than walking.
You learn spells naturally, not from books.
Your magical power is your life essence.
You have superior vitality. (+4 MHP)


Message History

The +2 long sword misses you. The +2 long sword hits you!
Casting: Scorch (safe; 1% risk of failure)
Confirm with . or Enter, or press ? or * to list all spells.
You can't see any susceptible monsters within range! (Use Z to cast anyway.)
Casting: Scorch (safe; 1% risk of failure)
Confirm with . or Enter, or press ? or * to list all spells.
Okay, then.
The +2 long sword hits you but does no damage.
The +4 long sword barely misses you.
The +2 long sword hits you but does no damage.
The +4 long sword hits you! The +2 long sword hits you.
The +2 long sword is no longer more vulnerable to fire.
The +4 long sword hits you!! The +2 long sword barely misses you.
The +2 long sword attacks as you move away!
The +2 long sword hits you.
The +4 long sword attacks as you move away!
The +4 long sword closely misses you.
There is a stone staircase leading up here.
The +2 long sword hits you!
* * * LOW HITPOINT WARNING * * *
The +2 long sword hits you!
* * * LOW HITPOINT WARNING * * *
You fly upwards.
There is a stone staircase leading down here.
You feel better. The +2 long sword hits you!!
* * * LOW HITPOINT WARNING * * *
Okay, then.
Okay, then.
Press: ? - help, v - describe, . - travel A stone staircase leading down.
Okay, then.
You fade into invisibility!
The +2 long sword closely misses you. The +2 long sword hits you.
* * * LOW HITPOINT WARNING * * *
You are confused.
You feel invigorated.
The +2 long sword completely misses you.
The +2 long sword hits you!!
You die...

.##.# #.#.#.#.###.##.#.##..#
.##.# #.#.#..........#.##..#
.##.###...###..........##..####
......#...# #.###.###.........#
###...#...###.##...##.####.##.#
###...........#.#.#.#.# #.##.#
.###..#.)...........#.# #.##.#
#.....#...#####(#.#.#.# #.##.###
.###.##.#.......@...#.####......#
.# #.##...###...................#
.# #.###### ##########..........>
.###.# #..###.....# ..##.# #..#
#.....# .###.# #?.# ##.#.## ##
#.# #..###.###.# #.# #..##.## ##.
#.# #....## ##


You could see a +2 long sword (unable to see you).

Vanquished Creatures
  A two-headed ogre (D:10)
  2 boulder beetles (D:12)
  Urug (D:12)
  Sonja (D:12)
  Pikel (D:7)
  An ugly thing (D:12)
  A manticore (D:11)
  Maurice (D:8)
  A cyclops (D:11)
  2 gargoyles
  Maggie (D:7)
  A tengu conjurer (D:11)
  A troll (D:9)
  Prince Ribbit (D:7)
  A shadow (D:11)
  3 wyverns
  2 wraiths
  Grum (D:8)
  3 vampire mosquitoes (D:12)
  2 acid dragons
  A water moccasin (D:9)
  Duvessa (D:4)
  5 orc warriors
  2 sky beasts
  2 ice beasts
  3 wolves (D:8)
  A lemure (D:6)
  An ogre (D:6)
  A phantom (D:5)
  3 kobold brigands
  A scorpion (D:6)
  4 bullfrogs
  4 gnoll sergeants
  Dowan (D:4)
  4 killer bees (D:10)
  6 howler monkeys
  4 electric eels (D:11)
  4 centaur zombies (Ossuary)
  A human zombie (Ossuary)
  3 orc priests
  3 jellies
  A hound (D:7)
  A gnoll bouda (D:6)
  5 iguanas
  15 orc wizards
  2 sleepcaps
  A hound zombie (Ossuary)
  3 mummies (Ossuary)
  23 gnolls
  9 adders
  4 white imps
  7 adder zombies (Ossuary)
  5 dart slugs
  34 orcs
  4 bats
  5 endoplasms
  2 gnoll zombies (Ossuary)
  3 goblins
  11 hobgoblins
  7 jackals
  21 kobolds
  4 quokkas
  6 ball pythons
  2 frilled lizards (D:1)
  2 goblin zombies (Ossuary)
  3 hobgoblin zombies (Ossuary)
  4 jackal zombies (Ossuary)
  6 kobold zombies (Ossuary)
  2 orc zombies (Ossuary)
  A quokka zombie (Ossuary)
  7 rats
  4 rat zombies (Ossuary)
287 creatures vanquished.

Vanquished Creatures (others)
  709 foxfires
709 creatures vanquished.

Grand Total: 996 creatures vanquished

Notes
Turn   | Place    | Note
-------+----------+-------------------------------------------
     0 | D:1      | cheesebisquit the Djinni Fire Elementalist began the quest
                  | for the Orb.
     0 | D:1      | cheesebisquit set off with the following spells memorised:
                  | Foxfire, Scorch, Volatile Blastmotes, Inner Flame, Flame
                  | Wave.
     0 | D:1      | Reached XP level 1. HP: 15/15 MP: 0/0
    40 | D:1      | Reached XP level 2. HP: 10/22 MP: 0/0
    47 | D:1      | Reached skill level 1 in Fighting
   281 | D:1      | Reached XP level 3. HP: 23/27 MP: 0/0
   281 | D:1      | Learned a level 1 spell: Magic Dart
   423 | D:1      | Reached skill level 3 in Dodging
   960 | D:2      | Reached XP level 4. HP: 30/33 MP: 0/0
  2214 | D:3      | Reached XP level 5. HP: 33/38 MP: 0/0
  2214 | D:3      | Learned a level 2 spell: Poisonous Vapours
  2502 | D:3      | Found a bloodstained altar of Trog.
  2883 | D:4      | Noticed Duvessa
  2891 | D:4      | Killed Duvessa
  2892 | D:4      | Reached skill level 4 in Dodging
  2892 | D:4      | Reached XP level 6. HP: 35/46 MP: 0/0
  2903 | D:4      | Noticed Dowan
  2916 | D:4      | Killed Dowan
  3148 | D:4      | Noticed a sky beast
  3156 | D:4      | Killed a sky beast
  3157 | D:4      | Reached XP level 7. HP: 43/51 MP: 0/0
  3157 | D:4      | Learned a level 2 spell: Ensorcelled Hibernation
  3481 | D:4      | Found Copofo's Book Boutique.
  3664 | D:5      | Entered Level 5 of the Dungeon
  3806 | D:5      | Found a staircase to the Ecumenical Temple.
  3812 | D:5      | Reached skill level 5 in Dodging
  3876 | Temple   | Entered the Ecumenical Temple
  5279 | D:6      | Reached XP level 8. HP: 50/58 MP: 0/0
  5306 | D:6      | Found a sand-covered staircase.
  5314 | Ossuary  | Entered an ossuary
  5834 | Ossuary  | Reached skill level 5 in Fighting
  5834 | Ossuary  | Reached skill level 6 in Dodging
  6168 | D:6      | Found a sacrificial altar of Ru.
  6297 | D:6      | Reached skill level 5 in Spellcasting
  6577 | D:7      | Noticed Pikel
  6774 | D:7      | Reached XP level 9. HP: 63/66 MP: 0/0
  6774 | D:7      | Learned a level 3 spell: Stone Arrow
  6810 | D:7      | Noticed Maggie
  6819 | D:7      | Killed Maggie
  6820 | D:7      | Reached skill level 7 in Dodging
  6823 | D:7      | Noticed Prince Ribbit
  6834 | D:7      | Killed Pikel
  6835 | D:7      | Reached skill level 8 in Dodging
  6840 | D:7      | Killed Prince Ribbit
  7201 | D:7      | Found a broken altar of Ashenzari.
  7222 | D:7      | Found a burning altar of Makhleb.
  7234 | D:7      | Became a worshipper of Ashenzari the Shackled
  7400 | D:7      | Reached XP level 10. HP: 65/75 MP: 0/0
  7444 | D:7      | Found a hide-covered altar of Uskayaw.
  7520 | D:7      | Found a basalt altar of Yredelemnul.
  7809 | D:7      | Found a sparkling altar of Nemelex Xobeh.
  8110 | D:8      | Noticed Grum
  8126 | D:8      | Killed Grum
  8127 | D:8      | Reached skill level 9 in Dodging
  8383 | D:8      | Noticed Maurice
  8394 | D:8      | Killed Maurice
  9408 | D:8      | Reached * piety under Ashenzari
  9408 | D:8      | Identified a scroll of acquirement
  9409 | D:8      | Acquired a manual of Dodging
  9760 | D:9      | Reached skill level 10 in Dodging
 10066 | D:9      | Found a white marble altar of Elyvilon.
 10290 | D:10     | Entered Level 10 of the Dungeon
 10309 | D:10     | Found a staircase to the Orcish Mines.
 10391 | D:10     | Reached ** piety under Ashenzari
 10604 | D:10     | Noticed a two-headed ogre
 10610 | D:10     | Killed a two-headed ogre
 10611 | D:10     | Reached skill level 11 in Dodging
 10611 | D:10     | Reached XP level 11. HP: 72/86 MP: 0/0
 10611 | D:10     | Learned a level 5 spell: Fireball
 11500 | D:11     | Found a staircase to the Lair.
 11562 | D:11     | Reached skill level 12 in Dodging
 12237 | D:11     | Reached *** piety under Ashenzari
 12248 | D:11     | Noticed a manticore
 12250 | D:11     | Noticed a cyclops
 12257 | D:11     | Killed a manticore
 12267 | D:11     | Killed a cyclops
 12372 | D:11     | Reached skill level 10 in Fighting
 13136 | D:12     | Noticed a white ugly thing
 13144 | D:12     | Killed a white ugly thing
 13241 | D:12     | Noticed Sonja
 13248 | D:12     | Killed Sonja
 13249 | D:12     | Reached skill level 13 in Dodging
 13313 | D:12     | Noticed a boulder beetle
 13332 | D:12     | Noticed Urug
 13382 | D:12     | Killed Urug
 13393 | D:12     | Killed a boulder beetle
 13394 | D:12     | Reached XP level 12. HP: 81/98 MP: 0/0
 13505 | D:12     | Noticed a boulder beetle
 13568 | D:12     | Killed a boulder beetle
 13939 | D:13     | Noticed a +2 long sword
 13942 | D:13     | Noticed a +4 long sword
 13956 | D:12     | HP: 4/99 [+2 long sword (21)]
 13958 | D:12     | Mangled by a +2 long sword

Illustrated notes

Levels and vault maps discovered:
D:1:      heliophobic_arrival_henge, layout_basic, minmay_misc_feat_enclosed
D:2:      kennysheep_big_flooded_room, layout_basic, serial_rivers,
          chequers_serial_rivers_small_3, chequers_serial_rivers_large_a,
          chequers_serial_rivers_small_a, chequers_serial_rivers_micro_c,
          dk_vineyard_2, grunt_ministairs_4
D:3:      layout_basic, trog_butcher_becter
D:4:      layout_basic, serial_shops, nicolae_shop_waterfront, st_stairs_7,
          minmay_misc_feat_iff, uniq_duvessa
D:5:      layout_basic, minmay_temple_entry_junction
D:6:      layout_cave_pools, lemuel_tele_altar, chequers_ossuary_entry_cave
D:7:      layout_loops_corners, nicolae_overflow_quartered_altars,
          nicolae_uskayaw_suspiria, uniq_prince_ribbit1, uniq_maggie, uniq_pikel
D:8:      layout_loops_ring, minmay_crystal_room, uniq_grum, uniq_maurice
D:9:      layout_roguey, nicolae_elyvilon_peaceful_grove
D:10:     layout_cross, kennysheep_mini, minmay_orc_entry_temple_small
D:11:     layout_basic, lair_entry_dummy, water_maze_lemuel
D:12:     layout_loops_ring, uniq_sonja, uniq_urug
D:13:     layout_layer_cave, erik_vaults_1
Temple:   compressed_dpeg_triangle_lava_temple

Skill      XL: |  1  2  3  4  5  6  7  8  9 10 11 |
---------------+----------------------------------+-----
Fighting       | 1 2 3 4 5 7 9 10 | 10.8
Dodging        | 3 4 5 6 8 11 13 | 13.9
Spellcasting   | 3 4 5 6 7 8 |  8.7
Stealth        | |  1.5

Action                     |  1- 3 |  4- 6 |  7- 9 | 10-12 || total
---------------------------+-------+-------+-------+-------++-------
  Melee: Unarmed           |     9 |       |       |       ||     9
         Short sword       |       |       |       |     2 ||     2
   Cast: Foxfire           |    42 |    61 |   132 |   170 ||   405
         Scorch            |    11 |    37 |    80 |   125 ||   253
         Inner Flame       |       |       |    20 |    45 ||    65
         Poisonous Vapours |       |       |     2 |     5 ||     7
         Volatile Blastmot |       |       |       |     8 ||     8
         Ensorcelled Hiber |       |       |       |     2 ||     2
         Fireball          |       |       |       |     7 ||     7
 Invoke: Curse Item        |       |       |       |     6 ||     6
         Shatter the Chain |       |       |       |     1 ||     1
    Use: Scroll            |       |     4 |    16 |     4 ||    24
         Potion            |       |       |     2 |    11 ||    13
 Armour: Robe              |     8 |     9 |     6 |       ||    23
         Steam dragon scal |       |       |       |    37 ||    37
  Dodge: Dodged            |    13 |    13 |    38 |   147 ||   211
  Block: Other             |       |       |    20 |     5 ||    25

Table legend: (Time is in decaauts)
 A = Elapsed time spent in this place.
 B = Non-inter-level travel time spent in this place.
 C = Inter-level travel time spent in this place.
 D = Time resting spent in this place.
 E = Time spent auto-exploring this place.
 F = Levels seen in this place.
 G = Mean time per level.
                   A        B        C        D        E       F      G
               +--------+--------+--------+--------+--------+-----+--------+
         Total |  13962 |  12800 |   1162 |   1045 |   9842 |  15 |  930.8 |
       Dungeon |  12950 |  11799 |   1151 |    926 |   9133 |  13 |  996.2 |
        Temple |    318 |    307 |     11 |      0 |    280 |   1 |  318.0 |
       Ossuary |    692 |    692 |      0 |    119 |    429 |   1 |  692.0 |
               +--------+--------+--------+--------+--------+-----+--------+

Top non-repeatable levels by time:
     D:7: 1477 daAuts
    D:10: 1456 daAuts
    D:11: 1350 daAuts
     D:5: 1249 daAuts
     D:8: 1143 daAuts
     D:2: 1029 daAuts
     D:9: 999 daAuts
     D:1: 953 daAuts
     D:4: 868 daAuts
     D:3: 834 daAuts
    D:12: 791 daAuts
     D:6: 752 daAuts
 Ossuary: 692 daAuts
  Temple: 318 daAuts
    D:13: 42 daAuts
